 Dungeon Crawl Stone Soup version 0.15-a0-2130-g28e4b74 (webtiles) character file.

410 FiftyNine the Transmogrifier (level 6, -4/43 HPs)
             Began as a Merfolk Transmuter on July 17, 2014.
             Was an Initiate of Nemelex Xobeh.
             Slain by a wight
             ... wielding a cursed +3 great sword of freezing
              (5 damage)
             ... on Level 2 of the Dungeon.
             The game lasted 00:32:27 (5748 turns).

FiftyNine the Transmogrifier (Merfolk Transmuter)   Turns: 5748, Time: 00:32:29

HP  -4/43        AC  6     Str 10      XL: 6   Next: 89%
MP  17/19        EV 11     Int 15      God: Nemelex Xobeh [......]
Gold 159         SH  0     Dex 14      Spells:  2 memorised,  6 levels left

rFire  . . .     SeeInvis .     m - 5 arrows
rCold  . . .     Clarity  .     x - +0 leather armour
rNeg   . . .     rCorr    +     (no shield)
rPois  .         rRot     .     (helmet restricted)
rElec  .         Spirit   .     (no cloak)
SustAb .         Warding  .     l - +0 pair of gloves
rMut   .         Stasis   .     n - +1 pair of boots
Gourm  .                        t - amulet of resist corrosion
MR     +....                    u - ring of protection from magic
                                s - ring of magical power

@: appendage, somewhat resistant to hostile enchantments, very unstealthy
A: change form in water, swift swim, horns 2
a: End Transformation, Renounce Religion


You were on level 2 of the Dungeon.
You worshipped Nemelex Xobeh.
Nemelex Xobeh was noncommittal.
You were not hungry.
You had grown temporary horns.
You visited 1 branch of the dungeon, and saw 4 of its levels.

You collected 159 gold pieces.

Inventory:

Hand weapons
 b - a +0 hunting sling
Missiles
 k - 33 stones (quivered)
 m - 5 arrows (in hand)
Armour
 c - a +0 robe
 l - a +0 pair of gloves (worn)
 n - a +1 pair of boots (worn)
 x - a +0 leather armour (worn)
Comestibles
 a - 3 bread rations
Scrolls
 g - a scroll of remove curse
 j - 2 scrolls of identify
 o - a scroll of magic mapping
 p - a scroll of enchant armour
 v - a scroll of fog
 w - a scroll of amnesia
Jewellery
 s - a ring of magical power (left hand)
 t - an amulet of resist corrosion (around neck)
 u - a ring of protection from magic (right hand)
Potions
 f - 2 potions of brilliance
 i - a potion of haste
 z - a potion of curing
Books
 d - a book of Changes

   Spells                             Type                      Level
   *Beastly Appendage                 Transmutation                1
   *Sticks to Snakes                  Transmutation                2
   Spider Form                        Transmutation/Poison         3
   Ice Form                           Ice/Transmutation            4
   Blade Hands                        Transmutation                5


   Skills:
 - Level 1.1 Fighting
 - Level 0.5 Slings
 - Level 2.6 Dodging
 - Level 3.2 Unarmed Combat
 - Level 2.0 Spellcasting
 + Level 9.2 Transmutations


You had 6 spell levels left.
You knew the following spells:

 Your Spells              Type           Power        Failure   Level  Hunger
a - Beastly Appendage     Trmt           ####..       1%          1    #......
b - Sticks to Snakes      Trmt           ####......   1%          2    ###....


Dungeon Overview and Level Annotations

Branches:
Dungeon (4/15)             Temple (0/1) D:4

Altars:
Nemelex Xobeh

Annotations:
D:3 Grinder


Innate Abilities, Weirdness & Mutations

You revert to your normal form in water.
You are very nimble and swift while swimming.
You have a pair of horns on your head.


Message History

a whip; a flail
There is an escape hatch in the ceiling here.
The wight hits you with a great sword of freezing!
The wight freezes you.
* * * LOW HITPOINT WARNING * * *
A mysterious force pulls you upwards. The hatch slams shut behind you.
Drink which item? (? for menu, Esc to quit)
Okay, then.
Read which item? (? for menu, Esc to quit)
Okay, then.
Wield which item (- for none, * to show all)? (? for menu, Esc to quit)
m - 8 arrows (in hand)
Casting: Beastly Appendage
Confirm with . or Enter, or press ? or * to list all spells.
You create some snakes!
The wight hits you with a great sword of freezing!
* * * LOW HITPOINT WARNING * * *
The wight freezes you.
You die...
Your body disappears without a glow.

## ##............####.#########
.#### ##......#....# #.# ....##
####.####...# #.# ## ###..#
##.####...####.# #. ##.##
#).##...#...##.### #. #..#
##.#...#.###......# ####+
##.###..#.###SS....###.###....
#####.#...##.# #..##### #..##.⌠..
...##.#.####.###@.# ##.##....
##.#....#....##z..#### #..'...⌠
#....#.##.#####.S.##.# ####....
..#.......# #......# #.⌠..
..##....### ###...#.# #....
..##...### #...###.# ####'
.##......# ##.....#.# #....
.##.#....####........########.###
..............................###


You could see a wight, a friendly adder and 2 friendly ball pythons.

Vanquished Creatures
  An orc priest (D:3)
  An ogre skeleton (D:4)
  10 gnolls
  Natasha (D:4)
  3 adders
  A worm (D:3)
  An orc skeleton (D:4)
  3 giant geckos
  2 oozes (D:1)
  4 orcs
  5 ball pythons
  6 giant cockroaches
  7 goblins
  11 hobgoblins
  16 jackals
  2 quokkas (D:3)
  5 bats
  A giant newt (D:3)
  7 kobolds
  11 rats
98 creatures vanquished.

Vanquished Creatures (collateral kills)
  The ghost of Tolias the Shooter, an average HEWn (D:4)
  Natasha (D:4)
  A worker ant (D:4)
  2 gnolls (D:4)
  An adder (D:3)
  An orc (D:4)
7 creatures vanquished.

Grand Total: 105 creatures vanquished

Notes
Turn   | Place    | Note
--------------------------------------------------------------
     0 | D:1      | FiftyNine, the Merfolk Transmuter, began the quest for the Orb.
     0 | D:1      | Reached XP level 1. HP: 15/15 MP: 3/3
   201 | D:1      | Reached XP level 2. HP: 19/21 MP: 2/4
   376 | D:1      | Reached skill level 4 in Transmutations
   836 | D:1      | Reached XP level 3. HP: 24/26 MP: 4/6
  1456 | D:1      | Reached skill level 5 in Transmutations
  2258 | D:2      | Learned a level 2 spell: Sticks to Snakes
  2302 | D:3      | Reached XP level 4. HP: 32/32 MP: 7/7
  3002 | D:3      | Reached skill level 6 in Transmutations
  3460 | D:4      | Reached XP level 5. HP: 20/37 MP: 9/9
  3689 | D:4      | Noticed Grinder
  3708 | D:3      | Paralysed by Grinder for 7 turns
  3983 | D:4      | Reached skill level 7 in Transmutations
  3995 | D:4      | Found a sparkling altar of Nemelex Xobeh.
  4010 | D:4      | Became a worshipper of Nemelex Xobeh the Trickster
  4062 | D:4      | Found a staircase to the Ecumenical Temple.
  4066 | D:4      | Noticed Natasha
  4080 | D:4      | Killed Natasha
  4254 | D:4      | Noticed Tolias' ghost (average HEWn)
  4647 | D:3      | Reached XP level 6. HP: 19/43 MP: 10/10
  4823 | D:4      | Reached skill level 8 in Transmutations
  4853 | D:4      | Killed Tolias' ghost
  5208 | D:4      | Reached skill level 9 in Transmutations
  5215 | D:4      | Noticed Natasha
  5255 | D:4      | Killed Natasha
  5687 | D:4      | Noticed a gnoll sergeant
  5748 | D:2      | HP: 1/43 [wight/great sword of freezing (11)]
  5748 | D:2      | Slain by a wight

Action                   |  1- 3 |  4- 6 || total
-------------------------+-------+-------++-------
Melee: Unarmed           |   149 |   204 ||   353
 Fire: Hunting sling     |    29 |    58 ||    87
Throw: Stone             |     1 |       ||     1
 Cast: Beastly Appendage |    19 |    29 ||    48
       Sticks to Snakes  |       |    21 ||    21
  Use: Scroll            |     9 |     5 ||    14
       Potion            |       |     4 ||     4
 Stab: Sleeping          |     1 |       ||     1
       Distracted        |       |     3 ||     3
  Eat: Chunk             |     5 |     7 ||    12
       Bread ration      |       |     1 ||     1
       Royal jelly       |       |     1 ||     1
